Map: Ephemeron LE

Players

Alken - Winner!

  • Race: Protoss Protoss
  • League: Diamond
  • Spawn Location: 5:00

DeltaD

  • Race: Protoss Protoss
  • League: Diamond
  • Spawn Location: 11:00

VOD

Have the link to the VOD?

Description

Time

  • Played on: Nov. 25, 2019, 10:10 p.m.
  • Length: 5:10
Show
View Real Time Build Order
Export as new Build Order

Alken Protoss - Winner!

Build Orders:  

Get SALT Encoding   

  12  0:00  Probe  
  13  0:13  Probe  
  14  0:22  Pylon  
  14  0:25  Probe  
  15  0:41  Probe (Chrono Boost)  
  15  0:42  Gateway  
  16  0:48  Probe (Chrono Boost)  
  17  0:50  Assimilator  
  17  0:56  Probe  
  18  0:58  Assimilator  
  18  1:11  Gateway  
  18  1:13  Probe (Chrono Boost)  
  19  1:25  Probe (Chrono Boost)  
  20  1:31  Probe (Chrono Boost)  
  20  1:32  Cybernetics Core  
  21  1:35  Pylon  
  21  1:39  Probe  
  22  1:51  Probe  
  23  2:10  Adept x2  
  23  2:13  Robotics Facility  
  27  2:15  Pylon  
  27  2:16  Probe  
  27  2:17  Warp Gate  
  28  2:40  Stalker x2  
  32  2:57  Immortal (Chrono Boost)  
  32  3:05  Pylon  
  36  3:07  Shield Battery  
  35  3:21  Sentry (Chrono Boost)  
  39  3:29  Stalker (Chrono Boost)  
  37  3:46  Warp Prism  
  35  4:09  Stalker  
  37  4:13  Nexus  
  37  4:18  Stalker  
  37  4:44  Stalker  
  39  4:51  Pylon  
  39  4:52  Pylon  
  39  4:53  Pylon  
Show
View Real Time Build Order
Export as new Build Order

DeltaD Protoss 

Build Orders:  

Get SALT Encoding   

  12  0:02  Probe  
  13  0:14  Probe  
  14  0:24  Pylon  
  14  0:26  Probe  
  15  0:42  Probe (Chrono Boost)  
  16  0:48  Gateway  
  16  0:54  Probe (Chrono Boost)  
  16  0:55  Assimilator  
  17  1:02  Probe (Chrono Boost)  
  18  1:08  Probe  
  19  1:13  Gateway  
  19  1:20  Probe  
  20  1:25  Assimilator  
  20  1:29  Pylon  
  20  1:32  Probe  
  21  1:39  Cybernetics Core  
  21  1:46  Probe  
  22  2:00  Pylon, Probe  
  23  2:15  Stalker x2  
  27  2:23  Stargate  
  27  2:27  Probe  
  28  2:31  Warp Gate  
  28  2:39  Probe  
  29  2:51  Probe  
  29  2:52  Pylon  
  30  3:03  Void Ray (Chrono Boost), Probe  
  31  3:11  Stalker (Chrono Boost)  
  36  3:21  Stalker (Chrono Boost)  
  29  3:46  Stalker  
  29  3:47  Stalker  
  32  3:56  Probe  
  33  4:09  Pylon  
  33  4:20  Void Ray (Chrono Boost)  
  35  4:42  Stalker  
  35  4:43  Stalker  
  35  4:46  Pylon  
Tags
 
Matchup
PvP
Spawn Locations
Cross Positions
Add a new tag
Caveats
  • Supply blocks, unpowered buildings, or Contaminate may cause inaccurate times.
  • Supply counts are checked every 10 seconds.